 Dungeon Crawl Stone Soup version 0.28-a0-305-g9e858e973b (webtiles) character file.

Game seed: 11190717278776688333

460 dolemite99 the Ruffian (level 6, -5/53 HPs)
             Began as a Troll Venom Mage on Aug 29, 2021.
             Slain by an orc warrior (14 damage)
             ... on level 4 of the Dungeon.
             The game lasted 00:04:42 (4304 turns).

dolemite99 the Ruffian (Troll Venom Mage)           Turns: 4304, Time: 00:04:42

Health: -5/53      AC:  4    Str: 19    XL:     6   Next: 78%
Magic:  6/6        EV:  9    Int: 11    God:
Gold:   112        SH:  0    Dex: 10    Spells: 6/7 levels left

rFire   . . .      SeeInvis .     - Unarmed
rCold   . . .      Faith    .   (no shield)
rNeg    . . .      Spirit   .   a - +0 robe
rPois   .          Reflect  .   (helmet restricted)
rElec   .          Harm     .   r - scarf {shadows}
rCorr   .          Rampage  .   (gloves unavailable)
Will    .....                   (boots unavailable)
Stlth   +.........              (no amulet)
HPRegen 1.17/turn               (no ring)
MPRegen 0.10/turn               (no ring)

@: no status effects
A: large, unfitting armour, claws 3, regeneration 1, shaggy fur 1, tough skin 1
a: no special abilities


You were on level 4 of the Dungeon.
You visited 1 branch of the dungeon, and saw 4 of its levels.

You collected 112 gold pieces.

Inventory:

Hand Weapons
 w - a +1 hand axe of distortion
 y - a +0 hunting sling
Missiles
 b - 74 stones
 g - 31 poisoned darts
 i - 28 arrows
 j - 29 sling bullets
 o - 26 bolts
Armour
 a - a +0 robe (worn)
 r - a scarf of shadows (worn)
Scrolls
 d - 6 scrolls of identify {unknown}
 f - a scroll of noise {unknown}
 h - a scroll of brand weapon {unknown}
 m - a scroll of immolation {unknown}
 n - 2 scrolls of enchant armour {unknown}
 p - a scroll of vulnerability {unknown}
 q - a scroll of summoning {unknown}
 u - a scroll of enchant weapon {unknown}
 v - a scroll of teleportation
 x - a scroll of magic mapping {unknown}
Potions
 c - 2 potions of curing {unknown}
 e - 2 potions of resistance {unknown}
 k - 2 potions of heal wounds {unknown}
 l - a potion of attraction {unknown}
 s - a potion of flight {unknown}
 t - 2 potions of degeneration {unknown}


   Skills:
 - Level 1.5 Dodging
 - Level 1.0 Stealth
 + Level 7.0 Unarmed Combat
 - Level 1.2 Spellcasting
 - Level 0.6 Transmutations
 - Level 2.1 Poison Magic


You had 6 spell levels left.
You knew the following spells:

 Your Spells              Type           Power      Damage    Failure   Level
a - Sting                 Tmut/Pois      12%        1d3       19%         1

Your spell library contained the following spells:

 Spells                   Type           Power      Damage    Failure   Level
 Poisonous Vapours        Pois/Air       6%         N/A       30%         2
 Blink                    Tloc           N/A        N/A       43%         2
 Mephitic Cloud           Conj/Pois/Air  2%         N/A       56%         3
 Frozen Ramparts          Ice            0%         1d2       67%         3
 Gell's Gravitas          Tloc           0%         N/A       67%         3
 Lesser Beckoning         Tloc           0%         N/A       67%         3
 Teleport Other           Tloc           0%         N/A       67%         3
 Olgreb's Toxic Radiance  Pois           5%         N/A       77%         4
 Ice Form                 Ice/Tmut       1%         N/A       95%         4
 Summon Ice Beast         Ice/Summ       0%         N/A       97%         4
 Manifold Assault         Tloc           0%         N/A       100%        5
 Storm Form               Tmut/Air       0%         N/A       100%        7


Dungeon Overview and Level Annotations

Branches:
Dungeon (4/15)
 Temple: D:4-7

Altars:
Kikubaaqudgha

Shops:
D:3 [


Innate Abilities, Weirdness & Mutations

You are too large for most types of armour.
You have claws for hands.
Your natural rate of healing is unusually fast.
You are covered in fur. (AC +1)
You have tough skin. (AC +1)


Message History

The sky beast shocks you.
* * * LOW HITPOINT WARNING * * *
You enter the shallow water.
Moving in this stuff is going to be slow.
The sky beast flickers out of sight!
Deactivating autopickup; reactivate with Ctrl-A.
There is an open door here.
There is a shaft here.
A sky beast appears from thin air!
Reactivating autopickup.
The sky beast flickers out of sight!
Deactivating autopickup; reactivate with Ctrl-A.
The ball python falls through a shaft!
The shaft crumbles and collapses.
You see here a +0 dagger.
There is a stone staircase leading up here.
A sky beast appears from thin air!
Reactivating autopickup.
You claw the orc warrior!
The orc warrior is moderately wounded.
The orc warrior hits you with a +0 long sword!
You scratch the orc warrior.
The orc warrior is heavily wounded.
The orc warrior hits you with a +0 long sword!
You closely miss the orc warrior.
The orc warrior is heavily wounded.
The orc warrior hits you with a +0 long sword.
You scratch the orc warrior but do no damage.
The orc warrior is heavily wounded.
The orc warrior hits you with a +0 long sword!!
* * * LOW HITPOINT WARNING * * *
You scratch the orc warrior but do no damage.
The orc warrior is heavily wounded.
You closely miss the orc warrior.
The orc warrior is heavily wounded.
The orc warrior hits you with a +0 long sword!
* * * LOW HITPOINT WARNING * * *
You scratch the orc warrior.
The orc warrior is heavily wounded.
The orc warrior hits you with a +0 long sword!
You die...

#...S..# #.## #.###..#
#######.#### #.##...##
#...........
#.#.....####.#####.####
#............# #.####
#.#.....###### #.....
#.##...## ###########.
#.###..# #...........
#§# ##@# #.#########.
#g# #o# #.# #. #{#
#Y#####.## #. #.#
#g....Y..# #. #.#
#######§.##### #. #°#
#.)<....<....####.
#.####g#####..........†
#......# #..###.###.#
######## #.## #....##


You could see an orc warrior, a sky beast and a hobgoblin.

Vanquished Creatures
  An orc priest (D:3)
  2 hounds
  A jelly (D:4)
  Jessica (D:2)
  2 iguanas (D:4)
  3 orc wizards
  2 hound skeletons (D:4)
  2 adders
  4 gnolls (D:3)
  An adder skeleton (D:4)
  2 worms (D:3)
  6 dart slugs
  9 orcs
  2 ball pythons
  3 bats (D:1)
  13 endoplasms
  7 giant cockroaches
  12 goblins
  8 hobgoblins
  7 kobolds
  4 quokkas
  3 frilled lizards
  3 rats
98 creatures vanquished.

Vanquished Creatures (others)
  2 demonic plants (D:2)
  A fungus (D:2)
  2 plants (D:2)
  19 withered plants
24 creatures vanquished.

Grand Total: 122 creatures vanquished

Notes
Turn   | Place    | Note
-------+----------+-------------------------------------------
     0 | D:1      | dolemite99 the Troll Venom Mage began the quest for the
                  | Orb.
     0 | D:1      | Reached XP level 1. HP: 16/16 MP: 1/1
    36 | D:1      | Reached skill level 1 in Unarmed Combat
   410 | D:1      | Reached XP level 2. HP: 24/24 MP: 2/2
   434 | D:1      | Reached skill level 2 in Unarmed Combat
  1178 | D:2      | Reached XP level 3. HP: 31/31 MP: 1/3
  1396 | D:2      | Reached skill level 3 in Unarmed Combat
  1483 | D:2      | Noticed Jessica
  1484 | D:2      | Found a faded altar of an unknown god.
  1498 | D:2      | Killed Jessica
  1499 | D:2      | Reached XP level 4. HP: 39/39 MP: 4/4
  1715 | D:2      | Reached skill level 4 in Unarmed Combat
  2045 | D:3      | Reached XP level 5. HP: 33/45 MP: 5/5
  2405 | D:3      | Reached skill level 5 in Unarmed Combat
  3008 | D:3      | Found Jyubbypt's Armour Shoppe.
  3211 | D:4      | Reached XP level 6. HP: 53/53 MP: 4/6
  3218 | D:4      | Reached skill level 6 in Unarmed Combat
  3684 | D:4      | Found an ancient bone altar of Kikubaaqudgha.
  3786 | D:4      | Reached skill level 7 in Unarmed Combat
  4224 | D:4      | Noticed an orc warrior
  4228 | D:4      | Noticed a sky beast
  4304 | D:4      | Slain by an orc warrior

Illustrated notes

Levels and vault maps discovered:
D:1:      amcnicky_arrival_underground_garden, layout_loops_ring,
          serial_park_tiny_pond
D:2:      layout_loops_ring, shapermc_ecumenical_altar_gd,
          kennysheep_minor_cross, uniq_jessica
D:3:      layout_rooms, serial_shops, shop
D:4:      layout_loops_ring, kiku_gazebo_garden_becter, kennysheep_potato

Skill      XL: |  1  2  3  4  5  6 |
---------------+-------------------+-----
Unarmed Combat | 1 2 3 4 5 7 |  7.0
Dodging        | |  1.5
Stealth        | |  1.0
Spellcasting   | |  1.2
Transmutations | |  0.6
Poison Magic   | |  2.1

Action                   |  1- 3 |  4- 6 || total
-------------------------+-------+-------++-------
Melee: Unarmed           |    61 |   179 ||   240
       Punch             |       |     6 ||     6
 Cast: Sting             |    14 |    11 ||    25
  Use: Scroll            |       |     1 ||     1
 Stab: Sleeping          |       |     2 ||     2
Armor: Robe              |    18 |    40 ||    58
Dodge: Dodged            |    19 |    73 ||    92

Table legend: (Time is in decaauts)
 A = Elapsed time spent in this place.
 B = Non-inter-level travel time spent in this place.
 C = Inter-level travel time spent in this place.
 D = Time resting spent in this place.
 E = Time spent auto-exploring this place.
 F = Levels seen in this place.
 G = Mean time per level.
                   A        B        C        D        E       F      G
               +--------+--------+--------+--------+--------+-----+--------+
         Total |   4286 |   4218 |     68 |   1361 |   1937 |   4 | 1071.5 |
       Dungeon |   4286 |   4218 |     68 |   1361 |   1937 |   4 | 1071.5 |
               +--------+--------+--------+--------+--------+-----+--------+

Top non-repeatable levels by time:
     D:4: 1186 daAuts
     D:1: 1157 daAuts
     D:3: 1111 daAuts
     D:2: 830 daAuts
